 Dungeon Crawl Stone Soup version 0.30-a0-1164-ge08a67761e (webtiles) character file.

Game seed: 12084753313752560134

72 Mickster the Chopper (level 4, -2/41 HPs)
             Began as a Hill Orc Berserker on Apr 29, 2023.
             Was a Believer of Trog.
             Slain by an adder (3 damage)
             ... on level 2 of the Dungeon on Apr 30, 2023.
             The game lasted 00:08:16 (933 turns).

Mickster the Chopper (Hill Orc Berserker)            Turns: 933, Time: 00:08:16

Health: -2/41      AC:  3    Str: 21    XL:     4   Next: 26%
Magic:  4/4        EV: 12    Int:  7    God:    Trog [**....]
Gold:   86         SH:  0    Dex: 10    Spells: 3/3 levels left

rFire   . . .        a - +0 hand axe
rCold   . . .        (no shield)
rNeg    . . .        b - +0 animal skin
rPois   .            f - +0 helmet
rElec   .            (no cloak)
rCorr   +            (no gloves)
SInv    .            (no boots)
Will    .....        i - amulet of magic regeneration
Stlth   +            c - ring of resist corrosion
HPRegen 0.26/turn    (no ring)
MPRegen 0.49/turn

%: no passive effects
@: lethally poisoned (-2 -> -8)
A: no striking features
a: Renounce Religion, Berserk, Trog's Hand


You were on level 2 of the Dungeon.
You worshipped Trog.
Trog was pleased with you.
You visited 1 branch of the dungeon, and saw 2 of its levels.

You collected 86 gold pieces.

Inventory:

Hand Weapons
 a - a +0 hand axe (weapon)
 d - a +0 mace
 e - a +0 sling
Missiles
 g - 8 stones
 k - 2 boomerangs (quivered)
Armour
 b - a +0 animal skin (worn)
 f - a +0 helmet (worn)
Jewellery
 c - a ring of resist corrosion (left hand)
 i - an amulet of magic regeneration (around neck)
Scrolls
 h - 4 scrolls of identify
 j - a scroll of summoning


   Skills:
 + Level 4.8 Fighting
 + Level 4.9 Axes
 + Level 2.5 Armour
 + Level 2.0 Dodging


You had 3 spell levels left.
You didn't know any spells.
Your spell library was empty.

Dungeon Overview and Level Annotations

Branches:
Dungeon (2/15)

Altars:

Annotations:
D:2 Natasha


Message History

You barely miss the endoplasm.
The endoplasm is almost dead.
You hit the adder.
You feel sick. The adder bites you but does no damage.
The endoplasm misses you.
Natasha, Servant of Life and Death comes into view.
You barely miss the endoplasm.
The endoplasm is almost dead.
You miss the adder.
You feel sick. The adder barely misses you. The endoplasm freezes you.
You are frozen.
The adder bites you but does no damage.
You hit the endoplasm.
You kill the endoplasm!
Trog accepts your kill.
You hit the adder but do no damage.
You feel sick. The adder bites you.
You feel sick. Natasha casts a spell at you. The magic dart hits you!
* * * LOW HITPOINT WARNING * * *
The adder bites you.
* * * LOW HITPOINT WARNING * * *
You are more poisoned.
The adder poisons you!
You feel sick. The adder bites you but does no damage.
You miss the adder.
The adder is moderately wounded.
You feel sick. The adder bites you.
* * * LOW HITPOINT WARNING * * *
You are lethally poisoned!
The adder poisons you! The adder barely misses you.
You hit the adder.
The adder is heavily wounded.
* * * LOW HITPOINT WARNING * * *
You feel very sick.
Natasha mewls in sadness.
The adder closely misses you.
You closely miss the adder.
The adder is heavily wounded.
* * * LOW HITPOINT WARNING * * *
You feel sick. The adder bites you.
You die...

........ ≈≈~ >?.... ~~≈≈
### #....##.~≈≈
....##....#..~~≈
..............~ ≈~.
.....#......# ≈≈~~
...........# ~~≈≈~
##..@...# .~≈≈~
##...S...###.~≈≈~
#....h...#...~≈≈~
#..#..........~≈≈~
###..#..#..........~~≈≈~
...................~≈≈~~
...#..#..#........~≈≈~.
#....#.##........~≈≈~.
##...........#..~~≈≈~.


You could see Natasha and an adder.

Vanquished Creatures
  Natasha (twice) (D:2)
  2 dart slugs (D:1)
  2 bats (D:1)
  2 endoplasms
  A giant cockroach (D:1)
  A goblin (D:1)
  A hobgoblin (D:2)
  2 kobolds (D:1)
  A quokka (D:1)
  4 ball pythons
  2 rats
20 creatures vanquished.

Vanquished Creatures (others)
  2 demonic plants (D:2)
  3 fungi (D:2)
  6 plants (D:2)
  2 withered plants (D:2)
13 creatures vanquished.

Grand Total: 33 creatures vanquished

Notes
Turn   | Place    | Note
-------+----------+-------------------------------------------
     0 | D:1      | Mickster the Hill Orc Berserker began the quest for the
                  | Orb.
     0 | D:1      | Reached XP level 1. HP: 19/19 MP: 1/1
   112 | D:1      | Reached XP level 2. HP: 27/27 MP: 2/2
   811 | D:2      | Noticed Natasha
   818 | D:2      | Killed Natasha
   819 | D:2      | Reached XP level 3. HP: 33/33 MP: 3/3
   878 | D:2      | Noticed Natasha
   888 | D:2      | Killed Natasha
   888 | D:2      | Reached ** piety under Trog
   889 | D:2      | Reached XP level 4. HP: 36/41 MP: 4/4
   926 | D:2      | Noticed Natasha
   932 | D:2      | HP: 2/41 [poisoned by an adder]
   933 | D:2      | Slain by an adder

Illustrated notes

Levels and vault maps discovered:
D:1:      dpeg_arrival_more_subterranean_lakeside_camping, layout_basic,
          kennysheep_crisscross, grunt_decor_junction, amethyst_killhole
D:2:      wander_river, layout_rooms, serial_shops,
          nicolae_shop_just_a_little_nook, shapermc_ecumenical_altar_gd,
          chequers_serial_rivers_small_b, minmay_tromino_v7, uniq_natasha

Skill      XL: |  1  2 |
---------------+-------+-----
Fighting       | 4 |  4.8
Dodging        | 2 |  2.0
Axes           | |  4.9
Armour         | |  2.5

Action                     |  1- 3 |  4- 6 || total
---------------------------+-------+-------++-------
  Melee: Hand axe          |    64 |     9 ||    73
         Punch             |     1 |       ||     1
  Throw: Boomerang         |     2 |       ||     2
 Invoke: Berserk           |     1 |       ||     1
    Use: Scroll            |     4 |       ||     4
         Potion            |     1 |       ||     1
 Armour: Animal skin       |    20 |     4 ||    24
  Dodge: Dodged            |    43 |     8 ||    51

Table legend: (Time is in decaauts)
 A = Elapsed time spent in this place.
 B = Non-inter-level travel time spent in this place.
 C = Inter-level travel time spent in this place.
 D = Time resting spent in this place.
 E = Time spent auto-exploring this place.
 F = Levels seen in this place.
 G = Mean time per level.
                   A        B        C        D        E       F      G
               +--------+--------+--------+--------+--------+-----+--------+
         Total |    958 |    883 |     75 |     36 |      0 |   2 |  479.0 |
       Dungeon |    958 |    883 |     75 |     36 |      0 |   2 |  479.0 |
               +--------+--------+--------+--------+--------+-----+--------+

Top non-repeatable levels by time:
     D:1: 791 daAuts
     D:2: 167 daAuts
